AoeStats
← jens_steffen1

African Clearing

510393078Analyzed
4v4 RM · 24h ago on Sep 30, 2026· 46m 29s· 8 players
Game mode
Random Map
Map size
Large (8 player)
Population
200
Speed
Normal
Resources
Standard
Victory
Conquest
Starting age
Dark Age
Ending age
Imperial Age
RankedLock teamsTeams togetherTeam positionsShared explorationLock speedFull tech treeHidden civsTurbo modeCheats
Victory
Defeat
🇹🇷 Mongols · Türkiye
821
+15
🇩🇪 Portuguese · Germany
817
+15
🇺🇸 Persians · United States
816
+15
🇺🇸 Huns · United States
758
+18
🇫🇷 Portuguese · France
866
-18
🇹🇷 Turks · Türkiye
835
-17
🇩🇪 Franks · Germany
751
-14
🇬🇧 Huns · United Kingdom
748
-14
jens_steffen1
4:18 Loom
16:07 Feudal Age
17:25 Wheelbarrow
16:37 Double-Bit Axe
16:35 Horse Collar
18:58 Gold Mining
23:57 Castle Age
24:08 Stone Mining
25:06 Heavy Plow
25:22 Bow Saw
25:50 Stone Shaft Mining
27:11 Hand Cart
26:41 Town Watch
30:28 Husbandry
38:08 Imperial Age
35:10 Pikeman
38:28 Thumb Ring
38:40 Town Patrol
39:53 Chemistry
39:14 Ballistics
38:35 Treadmill Crane
39:23 Conscription
39:44 Scale Mail Armor
40:35 Crossbowman
41:04 Arbalester
42:22 Siege Engineers
42:28 Masonry
43:45 Arquebus
44:09 Fletching
44:19 Padded Archer Armor
44:46 Bodkin Arrow
44:52 Padded Archer Armor
Toytatın Şimşeği
5:34 Loom
15:07 Feudal Age
19:45 Castle Age
19:58 Horse Collar
20:54 Double-Bit Axe
25:38 Wheelbarrow
25:08 Stone Mining
25:23 Heavy Plow
27:48 Hand Cart
27:53 Bow Saw
29:20 Bloodlines
29:11 Husbandry
29:18 Padded Archer Armor
29:08 Fletching
31:14 Nomads
31:33 Gold Mining
32:06 Thumb Ring
32:21 Leather Archer Armor
32:02 Bodkin Arrow
34:18 Gold Shaft Mining
37:30 Imperial Age
37:16 Ballistics
38:44 Stone Shaft Mining
39:14 Chemistry
37:38 Elite Mangudai
38:47 Bracer
39:24 Parthian Tactics
39:12 Capped Ram
41:42 Drill
41:08 Siege Ram
easymac777
14:52 Feudal Age
15:18 Double-Bit Axe
21:31 Horse Collar
24:03 Castle Age
23:12 Stone Mining
24:49 Thumb Ring
24:07 Crossbowman
25:49 Stone Shaft Mining
25:51 Gold Mining
29:23 Kamandaran
32:25 Fletching
33:16 Bodkin Arrow
34:05 Murder Holes
34:33 Ballistics
34:41 Padded Archer Armor
35:45 Leather Archer Armor
37:34 Wheelbarrow
41:49 Imperial Age
42:36 Conscription
43:23 Ring Archer Armor
43:49 Forging
SuppleLemur0
14:05 Feudal Age
14:40 Double-Bit Axe
19:43 Castle Age
19:07 Horse Collar
20:36 Thumb Ring
21:26 Wheelbarrow
20:58 Fletching
21:44 Heavy Plow
25:25 Ballistics
26:16 Bloodlines
26:06 Husbandry
29:09 Husbandry
29:13 Light Cavalry
29:52 Bodkin Arrow
31:05 Padded Archer Armor
32:36 Hand Cart
33:02 Bow Saw
32:45 Gold Mining
32:45 Stone Mining
33:52 Leather Archer Armor
35:10 Murder Holes
40:10 Imperial Age
40:56 Bracer
40:20 Heavy Cavalry Archer
41:26 Parthian Tactics
43:43 Two-Man Saw
43:25 Conscription
47:42 Gold Shaft Mining
46:59 Stone Mining
HORIZONUF
13:56 Feudal Age
14:46 Double-Bit Axe
20:51 Castle Age
18:54 Horse Collar
20:39 Bloodlines
20:37 Gold Mining
22:56 Bow Saw
22:41 Town Watch
24:29 Scale Barding Armor
25:44 Heavy Plow
26:27 Stone Mining
28:08 Wheelbarrow
28:26 Husbandry
31:58 Forging
34:21 Stone Shaft Mining
33:41 Fletching
33:52 Padded Archer Armor
33:19 Elite Skirmisher
38:44 Imperial Age
37:41 Circumnavigation
38:24 Light Cavalry
39:30 Chain Barding Armor
39:46 Iron Casting
39:50 Hand Cart
39:36 Town Patrol
40:41 Two-Man Saw
40:13 Conscription
40:58 Crop Rotation
43:03 Chemistry
42:24 Ballistics
41:55 Heated Shot
41:46 Treadmill Crane
42:17 Masonry
43:30 Elite Organ Gun
Done
4:51 Loom
18:51 Feudal Age
19:27 Town Watch
19:30 Double-Bit Axe
24:13 Castle Age
23:55 Scale Barding Armor
26:22 Bow Saw
25:55 Horse Collar
27:54 Wheelbarrow
29:11 Hand Cart
30:13 Gold Mining
34:29 Heavy Plow
37:07 Imperial Age
35:08 Chain Barding Armor
34:52 Marauders
35:18 Husbandry
35:52 Town Patrol
37:50 Gold Shaft Mining
37:30 Forging
38:03 Bloodlines
39:40 Conscription
42:13 Plate Barding Armor
41:14 Elite Skirmisher
42:06 Padded Archer Armor
42:26 Thumb Ring
pumperbars
15:13 Feudal Age
17:52 Double-Bit Axe
21:52 Wheelbarrow
24:56 Castle Age
26:07 Bow Saw
29:37 Squires
31:35 Bloodlines
34:32 Padded Archer Armor
34:26 Fletching
38:08 Imperial Age
36:22 Leather Archer Armor
36:03 Bodkin Arrow
36:12 Bodkin Arrow
38:34 Scale Barding Armor
38:30 Scale Mail Armor
43:19 Ballistics
46:36 Squires
Your Mom
4:12 Loom
13:49 Feudal Age
16:20 Double-Bit Axe
19:03 Wheelbarrow
18:33 Gold Mining
24:59 Castle Age
28:22 Bow Saw
28:21 Light Cavalry
28:27 Pikeman
29:08 Squires
31:37 Husbandry
32:07 Scale Barding Armor
32:13 Forging
37:49 Ordonnance Companies
Connection lost

Rejoining the realm…

Still unreachable

The connection could not be restored.

Session expired

The server has moved on; the page needs a fresh start.